AAA
OTTAWA BEAVERS @ NEW YORK COMETS
06/05/2060
 
TOP OF THE 1ST
Ottawa Beavers batting - Pitching for New York Comets : LHP Reuben Yoshida
Pitching: LHP Reuben Yoshida
Batting: LHB Reese Bowman 0-0: Called Strike
0-1: Ball
1-1: Ball
2-1: Swinging Strike
2-2: Ball
3-2: Base on Balls
Batting: RHB Evan Neff 0-0: Ball
1-0: Ball
2-0: Ball
3-0: Base on Balls
Reese Bowman to second
Batting: LHB Kelvin Kenney 0-0: Ball
Wild Pitch!
Reese Bowman to third
Evan Neff to second
1-0: Swinging Strike
1-1: Foul Ball, location: 2F
1-2: Ball
2-2: Foul Ball, location: 2F
2-2: Strikes out swinging
Batting: RHB Carlos Kinney 0-0: Ball
1-0: Foul Ball, location: 2F
1-1: Ground out 1-3 (Groundball, 15S, EV 65.6 MPH)
Batting: RHB Gavin Wright 0-0: Called Strike
0-1: Ball
1-1: Foul Ball, location: 2F
1-2: Foul Ball, location: 2F
1-2: Ball
Balk!
Reese Bowman scores
Evan Neff to third
2-2: 2-RUN HOME RUN (Flyball, 78XD, EV 111.2 MPH), Distance : 415 ft
Batting: RHB Julius Simpson 0-0: Ball
1-0: Called Strike
1-1: Swinging Strike
1-2: Ball
2-2: Strikes out swinging
Top of the 1st over - 3 runs, 1 hit, 0 errors, 0 left on base; Ottawa 3 - New York 0
BOTTOM OF THE 1ST
New York Comets batting - Pitching for Ottawa Beavers : RHP Ralph Michelson
Pitching: RHP Ralph Michelson
Batting: SHB Drake Stock 0-0: Ball
1-0: Called Strike
1-1: Ground out 1-3 (Groundball, 34S, EV 70.0 MPH)
Batting: LHB Abraham Kajosevic 0-0: Called Strike
0-1: Fly out, F9 (Flyball, 9LM, EV 86.2 MPH)
Batting: LHB Robert Wenstrom 0-0: Fly out, F8 (Flyball, 8LXD, EV 94.4 MPH)
Bottom of the 1st over - 0 runs, 0 hits, 0 errors, 0 left on base; Ottawa 3 - New York 0
TOP OF THE 2ND
Ottawa Beavers batting - Pitching for New York Comets : LHP Reuben Yoshida
Batting: RHB Benny Ackley 0-0: Ball
1-0: Called Strike
1-1: Ball
2-1: Ball
3-1: Ground out 5-3 (Groundball, 56S, EV 73.8 MPH)
Batting: SHB Jim Arvin 0-0: Foul Ball, location: 2F
0-1: Fly out, F9 (Flyball, 89D, EV 101.2 MPH)
Batting: RHB Chas Finley 0-0: Ball
1-0: Swinging Strike
1-1: Swinging Strike
1-2: Strikes out swinging
Top of the 2nd over - 0 runs, 0 hits, 0 errors, 0 left on base; Ottawa 3 - New York 0
BOTTOM OF THE 2ND
New York Comets batting - Pitching for Ottawa Beavers : RHP Ralph Michelson
Batting: RHB Mason Douglass 0-0: Ball
1-0: Foul Ball, location: 2F
1-1: Ball
2-1: Ball
3-1: Swinging Strike
3-2: Base on Balls
Batting: RHB Kip Clark 0-0: Swinging Strike
0-1: Swinging Strike
0-2: Ball
1-2: Ball
2-2: Strikes out looking
Batting: LHB Dalton Pappalardo 0-0: Ball
1-0: Ball
2-0: Ball
3-0: Called Strike
3-1: Base on Balls
Mason Douglass to second
Batting: RHB Josh Swann 0-0: Hit by Pitch
Mason Douglass to third
Dalton Pappalardo to second
Batting: RHB Jesse Phillips 0-0: Hit by Pitch
Mason Douglass scores
Dalton Pappalardo to third
Josh Swann to second
Batting: RHB Rodell bin Rahman 0-0: Swinging Strike
0-1: Called Strike
0-2: Strikes out looking
Batting: SHB Drake Stock 0-0: Ball
1-0: GRAND SLAM HOME RUN (Flyball, 89XD, EV 100.6 MPH), Distance : 392 ft
Batting: LHB Abraham Kajosevic 0-0: SOLO HOME RUN (Flyball, 89XD, EV 100.0 MPH), Distance : 409 ft
Batting: LHB Robert Wenstrom 0-0: Ball
1-0: Called Strike
1-1: Foul Ball, location: 2F
1-2: SINGLE (Flyball, 8RS, EV 88.8 MPH)
Pitching: RHP Dario Gibbs
Batting: RHB Mason Douglass 0-0: Hit by Pitch
Robert Wenstrom to second
Batting: RHB Kip Clark 0-0: SINGLE (Groundball, P, EV 82.5 MPH) (infield hit)
Robert Wenstrom to third
Mason Douglass to second
Batting: LHB Dalton Pappalardo 0-0: Ball
1-0: Ground out 6-3 (Groundball, 6MS, EV 86.9 MPH)
Bottom of the 2nd over - 6 runs, 4 hits, 0 errors, 3 left on base; Ottawa 3 - New York 6
TOP OF THE 3RD
Ottawa Beavers batting - Pitching for New York Comets : LHP Reuben Yoshida
Batting: LHB Reese Bowman 0-0: Bunt for hit to 25 - play at first, batter safe!
Batting: RHB Evan Neff 0-0: Swinging Strike
0-1: SINGLE (Groundball, 6, EV 94.4 MPH)
Reese Bowman to second
Batting: LHB Kelvin Kenney 0-0: Ball
1-0: Ball
2-0: Foul Ball, location: 2F
2-1: Swinging Strike
2-2: Strikes out swinging
Batting: RHB Carlos Kinney 0-0: Ball
1-0: Swinging Strike
1-1: Ball
2-1: Ball
3-1: Base on Balls
Reese Bowman to third
Evan Neff to second
Batting: RHB Gavin Wright 0-0: Swinging Strike
0-1: Ball
1-1: Swinging Strike
1-2: Ball
2-2: Foul Ball, location: 2F
2-2: Ball
3-2: Foul Ball, location: 2F
3-2: Foul Ball, location: 2F
3-2: Strikes out swinging
Batting: RHB Julius Simpson 0-0: Ground out 1-3 (Groundball, 15S, EV 71.9 MPH)
Top of the 3rd over - 0 runs, 2 hits, 0 errors, 3 left on base; Ottawa 3 - New York 6
BOTTOM OF THE 3RD
New York Comets batting - Pitching for Ottawa Beavers : RHP Dario Gibbs
Batting: RHB Josh Swann 0-0: Ball
1-0: Ball
2-0: Called Strike
2-1: Foul Ball, location: 2F
2-2: Ball
3-2: Foul Ball, location: 2F
3-2: Base on Balls
Batting: RHB Jesse Phillips 0-0: Ball
1-0: Ball
2-0: Ball
3-0: Called Strike
3-1: Base on Balls
Josh Swann to second
Batting: RHB Rodell bin Rahman 0-0: Foul Ball, location: 2F
0-1: Swinging Strike
0-2: Ball
1-2: Ball
2-2: Foul Ball, location: 2F
2-2: Ball
3-2: Base on Balls
Josh Swann to third
Jesse Phillips to second
Batting: SHB Drake Stock 0-0: Ball
1-0: Swinging Strike
1-1: Ball
2-1: Fly out, F7 (Flyball, 78S, EV 87.5 MPH)
Batting: LHB Abraham Kajosevic 0-0: Ball
1-0: Foul Ball, location: 2F
1-1: Swinging Strike
1-2: Foul Ball, location: 2F
1-2: Fielders Choice at 2nd, 6-4 (Groundball, 56, EV 97.5 MPH)
Josh Swann scores
Jesse Phillips to third
Batting: LHB Robert Wenstrom 0-0: Ball
1-0: Called Strike
1-1: Swinging Strike
1-2: Strikes out swinging
Bottom of the 3rd over - 1 run, 0 hits, 0 errors, 2 left on base; Ottawa 3 - New York 7
TOP OF THE 4TH
Ottawa Beavers batting - Pitching for New York Comets : LHP Reuben Yoshida
Batting: RHB Benny Ackley 0-0: Fly out, F8 (Flyball, 78M, EV 92.5 MPH)
Batting: SHB Jim Arvin 0-0: Ball
1-0: Foul Ball, location: 2F
1-1: Foul Ball, location: 2F
1-2: Fly out, F9 (Flyball, 9D, EV 76.2 MPH)
Batting: RHB Chas Finley 0-0: Called Strike
0-1: Swinging Strike
0-2: Strikes out swinging
Top of the 4th over - 0 runs, 0 hits, 0 errors, 0 left on base; Ottawa 3 - New York 7
BOTTOM OF THE 4TH
New York Comets batting - Pitching for Ottawa Beavers : RHP Dario Gibbs
Batting: RHB Mason Douglass 0-0: Called Strike
0-1: Ball
1-1: Ball
2-1: Called Strike
2-2: Ball
3-2: Foul Ball, location: 2F
3-2: DOUBLE (Groundball, 5L, EV 101.9 MPH)
Batting: RHB Kip Clark 0-0: Ball
1-0: Foul Ball, location: 2F
1-1: Ball
2-1: Ball
3-1: SINGLE (Line Drive, 9S, EV 103.8 MPH)
Mason Douglass to third
Batting: LHB Dalton Pappalardo 0-0: Ball
1-0: Grounds out, U3 (Groundball, 3L, EV 103.1 MPH)
Mason Douglass scores
Batting: RHB Josh Swann 0-0: Ball
1-0: Swinging Strike
1-1: Swinging Strike
1-2: Ball
2-2: Foul Ball, location: 2F
2-2: Ground out 6-3 (Groundball, 6, EV 88.8 MPH)
Batting: RHB Jesse Phillips 0-0: Ground out 6-3 (Groundball, 6, EV 88.1 MPH)
Bottom of the 4th over - 1 run, 2 hits, 0 errors, 1 left on base; Ottawa 3 - New York 8
TOP OF THE 5TH
Ottawa Beavers batting - Pitching for New York Comets : LHP Reuben Yoshida
Batting: LHB Reese Bowman 0-0: Swinging Strike
0-1: Swinging Strike
0-2: Ball
1-2: Ground out 3-1 (Groundball, 34S, EV 86.2 MPH)
Batting: RHB Evan Neff 0-0: Called Strike
0-1: Foul Ball, location: 2F
0-2: Foul Ball, location: 2F
0-2: Ball
1-2: Strikes out looking
Batting: LHB Kelvin Kenney 0-0: Ball
1-0: Ball
2-0: Called Strike
2-1: Foul Ball, location: 2F
2-2: Foul Ball, location: 2F
2-2: Strikes out swinging
Top of the 5th over - 0 runs, 0 hits, 0 errors, 0 left on base; Ottawa 3 - New York 8
BOTTOM OF THE 5TH
New York Comets batting - Pitching for Ottawa Beavers : RHP Dario Gibbs
Batting: RHB Rodell bin Rahman 0-0: Foul Ball, location: 2F
0-1: Foul Ball, location: 2F
0-2: Ball
1-2: Ball
2-2: Strikes out swinging
Batting: SHB Drake Stock 0-0: Called Strike
0-1: Ball
1-1: Swinging Strike
1-2: Strikes out looking
Batting: LHB Abraham Kajosevic 0-0: Called Strike
0-1: Ball
1-1: Foul Ball, location: 2F
1-2: Ball
2-2: Ball
3-2: Strikes out swinging
Bottom of the 5th over - 0 runs, 0 hits, 0 errors, 0 left on base; Ottawa 3 - New York 8
TOP OF THE 6TH
Ottawa Beavers batting - Pitching for New York Comets : LHP Reuben Yoshida
Batting: RHB Carlos Kinney 0-0: Ball
1-0: Ball
2-0: Ball
3-0: Base on Balls
Pitching: RHP Gabe McCorkle
Batting: RHB Gavin Wright 0-0: Fly out, F9 (Flyball, 9, EV 74.4 MPH)
Batting: RHB Julius Simpson 0-0: Called Strike
0-1: Fly out, F7 (Flyball, 7D, EV 88.1 MPH)
Batting: RHB Benny Ackley 0-0: Called Strike
0-1: Swinging Strike
0-2: Foul Ball, location: 2F
0-2: Foul Ball, location: 2F
0-2: Ball
1-2: Foul Ball, location: 2F
1-2: Ball
2-2: Strikes out swinging
Top of the 6th over - 0 runs, 0 hits, 0 errors, 1 left on base; Ottawa 3 - New York 8
BOTTOM OF THE 6TH
New York Comets batting - Pitching for Ottawa Beavers : RHP Dario Gibbs
Pitching: RHP Maxim Chet
Batting: LHB Robert Wenstrom 0-0: Ball
1-0: Fly out, F7 (Flyball, 7, EV 81.2 MPH)
Batting: RHB Mason Douglass 0-0: Ball
1-0: Foul Ball, location: 2F
1-1: Ball
2-1: Ball
3-1: Ground out 6-3 (Groundball, 6M, EV 96.9 MPH)
Batting: RHB Kip Clark 0-0: Swinging Strike
0-1: Ball
1-1: Foul Ball, location: 2F
1-2: SINGLE (Line Drive, 4MD, EV 95.0 MPH)
Batting: LHB Dalton Pappalardo 0-0: Ball
1-0: Called Strike
1-1: Fielders Choice at 2nd, 6-4 (Groundball, 6, EV 91.9 MPH)
Bottom of the 6th over - 0 runs, 1 hit, 0 errors, 1 left on base; Ottawa 3 - New York 8
TOP OF THE 7TH
Ottawa Beavers batting - Pitching for New York Comets : RHP Gabe McCorkle
Batting: SHB Jim Arvin 0-0: Swinging Strike
0-1: Foul Ball, location: 2F
0-2: Ball
1-2: Ball
2-2: Ball
3-2: Strikes out swinging, 2-3 out at first.
Batting: RHB Chas Finley 0-0: Called Strike
0-1: Ball
1-1: Ball
2-1: Called Strike
2-2: Strikes out swinging
Batting: LHB Reese Bowman 0-0: Called Strike
0-1: Ball
1-1: Swinging Strike
1-2: Fly out, F7 (Flyball, 7D, EV 88.8 MPH)
Top of the 7th over - 0 runs, 0 hits, 0 errors, 0 left on base; Ottawa 3 - New York 8
BOTTOM OF THE 7TH
New York Comets batting - Pitching for Ottawa Beavers : RHP Maxim Chet
Batting: RHB Josh Swann 0-0: SINGLE (Line Drive, 8RS, EV 99.4 MPH)
Batting: RHB Jesse Phillips 0-0: Swinging Strike
0-1: Called Strike
0-2: Foul Ball, location: 2F
0-2: Ball
1-2: Strikes out looking
Batting: RHB Rodell bin Rahman 0-0: Ball
1-0: Ball
2-0: Called Strike
2-1: SINGLE (Line Drive, 34D, EV 108.8 MPH)
Josh Swann to second
Batting: SHB Drake Stock 0-0: Called Strike
0-1: Ball
1-1: Ball
2-1: Foul Ball, location: 2F
2-2: Foul Ball, location: 2F
2-2: Foul Ball, location: 2F
2-2: Foul Ball, location: 2F
2-2: Ball
3-2: Grounds into double play, 3-6-3 (Groundball, 3, EV 98.1 MPH)
Bottom of the 7th over - 0 runs, 2 hits, 0 errors, 1 left on base; Ottawa 3 - New York 8
TOP OF THE 8TH
Ottawa Beavers batting - Pitching for New York Comets : RHP Gabe McCorkle
Batting: RHB Evan Neff 0-0: Ground out 6-3 (Groundball, 6MS, EV 83.8 MPH)
Batting: LHB Kelvin Kenney 0-0: Foul Ball, location: 2F
0-1: Ball
1-1: Foul Ball, location: 2F
1-2: Ball
2-2: Ground out 4-3 (Groundball, 4S, EV 70.0 MPH)
Pitching: RHP Rylan Becker
Batting: RHB Carlos Kinney 0-0: Ball
1-0: Ball
2-0: Fly out, F8 (Flyball, 8LM, EV 90.6 MPH)
Top of the 8th over - 0 runs, 0 hits, 0 errors, 0 left on base; Ottawa 3 - New York 8
BOTTOM OF THE 8TH
New York Comets batting - Pitching for Ottawa Beavers : RHP Maxim Chet
Batting: LHB Abraham Kajosevic 0-0: Ball
1-0: Ball
2-0: Ball
3-0: Called Strike
3-1: Base on Balls
Pitching: RHP Oscar Evans
Batting: LHB Robert Wenstrom 0-0: Ball
1-0: Ball
2-0: Called Strike
2-1: Foul Ball, location: 2F
2-2: Ball
3-2: Ground out 6-3 (Groundball, 56, EV 80.6 MPH)
Abraham Kajosevic to second
Batting: RHB Mason Douglass 0-0: Ball
1-0: Foul Ball, location: 2F
1-1: Foul Ball, location: 2F
1-2: Ball
2-2: Strikes out looking
Batting: RHB Kip Clark 0-0: Foul Ball, location: 2F
0-1: Called Strike
0-2: Ball
1-2: DOUBLE (Line Drive, 89XD, EV 105.6 MPH)
Abraham Kajosevic scores
Batting: LHB Dalton Pappalardo 0-0: Ball
1-0: Ground out 4-3 (Groundball, 4, EV 105.0 MPH)
Bottom of the 8th over - 1 run, 1 hit, 0 errors, 1 left on base; Ottawa 3 - New York 9
TOP OF THE 9TH
Ottawa Beavers batting - Pitching for New York Comets : RHP Rylan Becker
Batting: RHB Gavin Wright 0-0: Ball
1-0: Called Strike
1-1: Ball
2-1: SINGLE (Line Drive, 7S, EV 103.1 MPH)
Batting: RHB Julius Simpson 0-0: Foul Ball, location: 2F
0-1: Ball
1-1: Foul Ball, location: 2F
1-2: Strikes out swinging
Pinch Hitting: LHB Wyatt Ludwig 0-0: Called Strike
0-1: 2-RUN HOME RUN (Flyball, 89XD, EV 98.8 MPH), Distance : 404 ft
Batting: SHB Jim Arvin 0-0: Foul Ball, location: 2F
0-1: Called Strike
0-2: Ground out 6-3 (Groundball, 6M, EV 91.9 MPH)
Pinch Hitting: LHB Cole Tester 0-0: Called Strike
0-1: Foul Ball, location: 2F
0-2: Foul Ball, location: 2F
0-2: Ball
1-2: Foul Ball, location: 2F
1-2: Foul Ball, location: 2F
1-2: Ball
2-2: Strikes out looking
Top of the 9th over - 2 runs, 2 hits, 0 errors, 0 left on base; Ottawa 5 - New York 9
Sunday, May 5th , 2024 - OOTP Baseball 23.10 Build 110